 Dungeon Crawl Stone Soup version 0.29-a0-464-g50448035db (webtiles) character file.

Game seed: 2359457774522859842

47 Bruhh the Skirmisher (level 3, 0/44 HPs)
             Began as an Ogre Fighter on May 20, 2022.
             Succumbed to a scorpion's poison
             ... on level 3 of the Dungeon.
             The game lasted 00:01:41 (1583 turns).

Bruhh the Skirmisher (Ogre Fighter)                 Turns: 1583, Time: 00:01:41

Health: 0/44       AC:  3    Str: 20    XL:     3   Next: 70%
Magic:  3/3        EV: 12    Int:  9    God:
Gold:   69         SH:  0    Dex: 10    Spells: 2/2 levels left

rFire   . . .      SeeInvis .   a - +0 war axe
rCold   . . .      Faith    .   c - +0 kite shield
rNeg    . . .      Spirit   .   b - +0 robe
rPois   .          Reflect  .   (helmet restricted)
rElec   .          Harm     .   (no cloak)
rCorr   .          Rampage  .   (gloves unavailable)
Will    .....                   (boots unavailable)
Stlth   +.........              (no amulet)
HPRegen 0.14/turn               j - +4 ring of evasion
MPRegen 0.08/turn               (no ring)

@: confused, lethally poisoned (0 -> -22), ambrosia-drunk, attractive, flying
A: large, unfitting armour, tough skin 1
a: no special abilities


You were on level 3 of the Dungeon.
You visited 1 branch of the dungeon, and saw 3 of its levels.

You collected 69 gold pieces.

Inventory:

Hand Weapons
 a - a +0 war axe (weapon)
Missiles
 l - a large rock (quivered)
Armour
 b - a +0 robe (worn)
 c - a +0 kite shield (worn)
Jewellery
 j - a +4 ring of evasion (left hand)
 k - a ring of fire
Scrolls
 e - 2 scrolls of identify {unknown}
 g - a scroll of brand weapon {unknown}
 m - a scroll of magic mapping {unknown}
 n - 2 scrolls of blinking {unknown}
Potions
 d - a potion of might
 h - 3 potions of ambrosia
 o - a potion of mutation {unknown}
 p - a potion of haste {unknown}
 q - a potion of heal wounds {unknown}


   Skills:
 * Level 6.1 Fighting
 - Level 2.0 Axes
 - Level 2.6 Dodging
 - Level 3.0 Shields


You had 2 spell levels left.
You didn't know any spells.
Your spell library contained the following spells:

 Spells                   Type           Power      Damage    Failure   Level
 Blink                    Tloc           0%         N/A       82%         2
 Manifold Assault         Tloc           0%         N/A       100%        5
 Storm Form               Tmut/Air       0%         N/A       100%        7


Dungeon Overview and Level Annotations

Branches:
Dungeon (3/15)

Altars:


Innate Abilities, Weirdness & Mutations

You are too large for most types of armour.
You have tough skin. (AC +1)


Message History

You slash the scorpion!
The scorpion is heavily wounded.
You block the scorpion's attack. x2
You hit the scorpion.
The scorpion is severely wounded.
The scorpion stings you.
You are poisoned.
The scorpion poisons you!
You barely miss the scorpion.
The scorpion is severely wounded.
You feel very sick. You block the scorpion's attack. The scorpion stings you.
You hit the scorpion but do no damage.
The scorpion is severely wounded.
You feel sick. The scorpion stings you!
* * * LOW HITPOINT WARNING * * *
The scorpion stings you but does no damage.
You hit the scorpion but do no damage.
The scorpion is severely wounded.
You feel sick. The scorpion closely misses you. The scorpion stings you.
* * * LOW HITPOINT WARNING * * *
It was a potion of ambrosia.
You are confused.
You feel invigorated.
You feel sick. The scorpion stings you.
* * * LOW HITPOINT WARNING * * *
You are lethally poisoned!
The scorpion poisons you!
Unknown command.
It was a potion of flight.
You feel very buoyant.
You fly up into the air.
* * * LOW HITPOINT WARNING * * *
You feel very sick. The scorpion stings you.
* * * LOW HITPOINT WARNING * * *
You are more poisoned.
The scorpion poisons you!
It was a potion of attraction.
You feel attractive to monsters.
You die...

...........
.(........
..........
.........#
...(.....#
.....(...#
.../.$...#
.......s.#
........@#
.........#
##########


You could see a scorpion.

Vanquished Creatures
  An adder (D:2)
  2 worms (D:2)
  2 dart slugs (D:1)
  2 endoplasms (D:1)
  A giant cockroach (D:1)
  4 goblins
  A hobgoblin (D:1)
  A quokka (D:1)
  A ball python (D:1)
  5 bats
  A frilled lizard (D:1)
  3 kobolds (D:1)
  7 rats
31 creatures vanquished.

Notes
Turn   | Place    | Note
-------+----------+-------------------------------------------
     0 | D:1      | Bruhh the Ogre Fighter began the quest for the Orb.
     0 | D:1      | Reached XP level 1. HP: 24/24 MP: 1/1
   287 | D:1      | Reached XP level 2. HP: 31/33 MP: 2/2
   348 | D:1      | Reached skill level 5 in Fighting
   728 | D:1      | Reached XP level 3. HP: 42/42 MP: 3/3
  1314 | D:2      | Found a faded altar of an unknown god.
  1414 | D:2      | Reached skill level 6 in Fighting
  1571 | D:3      | Noticed a scorpion
  1582 | D:3      | HP: 1/44 [scorpion (5)]
  1583 | D:3      | Succumbed to a scorpion's poison

Illustrated notes

Levels and vault maps discovered:
D:1:      psy_arrival_basics, layout_basic, chequers_serial_rivers_room_a
D:2:      layout_loops_cross, basic_ecumenical_altar, minmay_pentomino_x2
D:3:      layout_basic, minmay_pentomino_pile

Skill      XL: |  1  2  3 |
---------------+----------+-----
Fighting       | 5 6 |  6.1
Axes           | |  2.0
Dodging        | |  2.6
Shields        | |  3.0

Action                   || total
-------------------------++-------
Melee: War axe           ||    87
Throw: Large rock        ||     9
  Use: Potion            ||     3
Armor: Robe              ||    39
Dodge: Dodged            ||    54
Block: Kite shield       ||    34

Table legend: (Time is in decaauts)
 A = Elapsed time spent in this place.
 B = Non-inter-level travel time spent in this place.
 C = Inter-level travel time spent in this place.
 D = Time resting spent in this place.
 E = Time spent auto-exploring this place.
 F = Levels seen in this place.
 G = Mean time per level.
                   A        B        C        D        E       F      G
               +--------+--------+--------+--------+--------+-----+--------+
         Total |   1638 |   1625 |     13 |      0 |   1313 |   3 |  546.0 |
       Dungeon |   1638 |   1625 |     13 |      0 |   1313 |   3 |  546.0 |
               +--------+--------+--------+--------+--------+-----+--------+

Top non-repeatable levels by time:
     D:2: 817 daAuts
     D:1: 803 daAuts
     D:3: 17 daAuts
